Cogmind - Beta 11 @@@ ROGUE MODE // 2022.03.19 @ 11:51:07 Player: Someone64 Result: Destroyed by G-34 Mercenary with Small Laser Performance ------------- Evolutions (0) 0 Regions Visited (1) 200 Robots Destroyed (15) 75 Value Destroyed (412) 412 Prototype IDs (1) 20 Alien Tech Used (0) 0 Bonus (0) 0 TOTAL SCORE: 707 Bonus ------- None Cogmind --------- Core Integrity 0/250 Matter 300/300 Energy 276/280 System Corruption 0% Temperature Cool (8) Movement Walking (120) Location -10/Materials Parts ------- > --- POWER (1) -------- Heavy Ion Engine > --- PROPULSION (2) --- Aluminum Leg Aluminum Leg > --- UTILITY (2) ------ Disposable Heat Sink Small Storage Unit > --- WEAPON (2) ------- Medium Laser Autogun > --- INVENTORY (8) ---- Heavy Ion Engine Aluminum Leg Sensor Array EM Pulse Gun Autogun Grenade Launcher Flail Flail Peak State ------------ > --- POWER ------------ Heavy Ion Engine > --- PROPULSION ------- Wheel Wheel > --- UTILITY ---------- Small Storage Unit Improved Terrain Scanner > --- WEAPON ----------- Medium Laser Grenade Launcher > --- INVENTORY -------- Heavy Ion Engine Aluminum Leg Aluminum Leg Compact Wheel Small Matter Pod Sensor Array Signal Interpreter EM Pulse Gun [Rating: 12] Favorites ----------- Power Ion Engine Engine Ion Engine Propulsion Aluminum Leg Treads Light Treads Leg Aluminum Leg Wheel Wheel Utility Small Storage Unit Device Improved Terrain Scanner Storage Small Storage Unit Weapon Light Assault Rifle Energy Gun Medium Laser Ballistic Gun Light Assault Rifle Launcher Grenade Launcher Build | -11 -10 ------- Run | Scr Mat Slots Evolved . | . . Power . | . . Propulsion . | . . Utility . | . . Weapon . | . . Parts Attached 24 | 7 17 Power 5 | 1 4 Engine 5 | 1 4 Core . | . . Reactor . | . . Propulsion 9 | 2 7 Treads 2 | . 2 Leg 4 | 2 2 Wheel 3 | . 3 Hover . | . . Flight . | . . Utility 3 | 2 1 Device 2 | 1 1 Storage 1 | 1 . Processor . | . . Hackware . | . . Protection . | . . Artifact . | . . Weapon 7 | 2 5 Energy Gun 1 | . 1 Energy Cannon . | . . Ballistic Gun 5 | 2 3 Ballistic Cannon . | . . Launcher 1 | . 1 Special Weapon . | . . Impact Weapon . | . . Slashing Weapon . | . . Piercing Weapon . | . . Special Melee Weapon . | . . Unidentified Prototypes 1 | . 1 Parts Lost 8 | . 8 Power 2 | . 2 Propulsion 3 | . 3 Utility . | . . Weapon 3 | . 3 Highest Loss Streak 3 | . 3 To Critical Strikes . | . . Average Slot Usage (%) 93 | . 93 Engine 11 | . 11 Treads 3 | . 3 Leg 9 | . 9 Wheel 13 | . 13 Device 14 | . 14 Storage 14 | . 14 Energy Gun 9 | . 9 Ballistic Gun 12 | . 12 Launcher 3 | . 3 Naked Turns . | . . Heaviest Build 19 | 13 19 Greatest Support 40 | 20 40 Greatest Overweight (x) 3 | 3 1 Average Overweight (x) . | 1 . Largest Inventory Capacity 8 | 8 8 Average Capacity 7 | 7 8 Most Carried 8 | 6 8 Average Carried 6 | 3 7 Final Capacity 8 | 8 8 Final Carried 8 | 6 8 Class Distribution -------------------- 100% | Mutant Dominant Class ---------------- Mutant | -10/Materials Resources | -11 -10 ----------- Run | Scr Mat Matter Collected 602 | 259 343 Remotely . | . . Salvage Created 583 | 13 570 Parts 35 | 3 32 Haulers Intercepted . | . . Recyclers Shooed 3 | . 3 Parts Field Recycled . | . . Retrieved Matter . | . . Parts Self-Destructed . | . . Prevented . | . . Kills | -11 -10 ------- Run | Scr Mat Combat Hostiles Destroyed 9 | . 9 Guns 6 | . 6 AOE 2 | . 2 Classes Destroyed 4 | 1 3 Tunneler 1 | 1 . Recycler 2 | . 2 Watcher 3 | . 3 Grunt 9 | . 9 Best Kill Streak 3 | 1 3 Combat Bots Only 3 | . 3 Max Kills in Single Turn 1 | 1 1 Gunslinging . | . . Exploded 1 | . 1 Melee . | . . Uniques/NPCs Destroyed . | . . Combat | -11 -10 -------- Run | Scr Mat Damage Taken 1245 | . 1245 Core 254 | . 254 Absorbed by Shields . | . . Core Remaining (%) 100 | 100 . Volleys Fired 54 | 4 50 Largest 2 | 2 2 Hottest 73 | 40 73 Shots Fired 90 | 8 82 Gun 87 | 8 79 Cannon . | . . Launcher 3 | . 3 Special . | . . Kinetic 60 | 8 52 Thermal 27 | . 27 Explosive 3 | . 3 Electromagnetic . | . . Robot Hit Streak 11 | 1 11 Robot Miss Streak 3 | 2 3 Penetration Max . | . . Secondary Targets 4 | . 4 Max Gunslinging Chain 1 | . 1 Shots Hit Robots 63 | 4 59 Core Hits 28 | 2 26 Critical Kills . | . . Critical Parts Destroyed . | . . Critical Strikes 2 | . 2 Burn 2 | . 2 Melee Attacks . | . . Impact . | . . Slashing . | . . Piercing . | . . Sneak Attacks . | . . Combat Hostiles . | . . Follow-up Attacks . | . . Damage Inflicted 757 | 33 724 Guns 677 | 33 644 Cannons . | . . Explosions 78 | . 78 Melee . | . . Ramming 2 | . 2 Kinetic 440 | 33 407 Thermal 237 | . 237 Explosive 78 | . 78 Electromagnetic . | . . Impact . | . . Slashing . | . . Piercing . | . . Highest Corruption . | . . Average Corruption . | . . Corruption Purged . | . . Corruption Blocked . | . . Overload Shots . | . . Overflow Damage . | . . Projectiles . | . . Explosions . | . . Melee . | . . Knockbacks . | . . Impact . | . . Kinetic . | . . Secondary . | . . Self-Inflicted Damage . | . . Shots . | . . Rammed 1 | . 1 Targets Rammed 2 | . 2 Kicked 1 | . 1 Crushed . | . . Highest Temperature 198 | . 198 Average Temperature 63 | . 63 Received Heat Transfer 750 | . 750 Siege Activations . | . . Robots Corrupted . | . . Combat Hostiles . | . . Parts Fried . | . . Impact Corruptions . | . . Robots Melted 1 | . 1 Combat Hostiles 1 | . 1 Parts Melted 2 | . 2 Heat Transferred 851 | . 851 Parts Sabotaged . | . . Parts Stolen . | . . Parts Stripped . | . . Power Chain Reactions . | . . Missiles Intercepted . | . . Alert | -11 -10 ------- Run | Scr Mat Peak Influence 155 | 5 155 Initial 3 | . 3 Average 56 | . 71 Maximum Alert Level . | . . Low Security (%) 100 | 100 100 Level 1 . | . . Level 2 . | . . Level 3 . | . . Level 4 . | . . Level 5 . | . . High Security . | . . Max Security . | . . Squads Dispatched 2 | . 2 Investigation . | . . Extermination . | . . Reinforcement 2 | . 2 Assault . | . . Garrison . | . . Intercept . | . . Searches Triggered . | . . Construction Impeded . | . . Haulers Reinforced . | . . Active Scanning Responses . | . . Cargo Convoy Interrupts . | . . Stealth | -11 -10 --------- Run | Scr Mat Distress Signals 2 | . 2 Communications Jammed . | . . Distress Signals . | . . Times Spotted 20 | . 20 Peak Tracking Total 7 | . 7 Tactical Retreats 1 | . 1 Traps | -11 -10 ------- Run | Scr Mat Traps Triggered 1 | . 1 Indirectly . | . . Trap Hack Attempts . | . . Triggered . | . . Disarmed . | . . Reprogrammed . | . . Reused . | . . Traps Extracted . | . . Installed . | . . Triggered . | . . Machines | -11 -10 ---------- Run | Scr Mat Machines Disabled . | . . Max in Single Turn . | . . Machines Sabotaged . | . . Garrisons Compromised . | . . Overloaded Fab Kills . | . . Hacking | -11 -10 --------- Run | Scr Mat Machines Accessed 6 | . 6 Terminals 5 | . 5 Fabricators . | . . Repair Stations . | . . Recycling Units 1 | . 1 Scanalyzers . | . . Garrison Access . | . . Total Hacks 12 | . 12 Successful 7 | . 7 Failed 5 | . 5 Catastrophic 1 | . 1 Database Lockouts . | . . Manual 5 | . 5 Terminals 11 | . 11 Fabricators . | . . Repair Stations . | . . Recycling Units 1 | . 1 Scanalyzers . | . . Garrison Access . | . . Terminal Hacks 6 | . 6 Record 3 | . 3 Unreport Threat 1 | . 1 Dispatch Records 1 | . 1 Zone Layout 1 | . 1 Fabricator Hacks . | . . Repair Station Hacks . | . . Recycling Unit Hacks 1 | . 1 Report Inventory 1 | . 1 Scanalyzer . | . . Garrison Access Hacks . | . . Unauthorized Hacks . | . . Terminals . | . . Fabricators . | . . Repair Stations . | . . Recycling Units . | . . Scanalyzers . | . . Garrison Access . | . . Data Cores Recovered . | . . Used . | . . Hacking Detections 5 | . 5 Full Trace Events . | . . Feedback Events . | . . Feedback Blocked . | . . Robot Schematics Acquired . | . . Robots Built . | . . Authchips . | . . Time . | . . Total Robot Build Rating . | . . Part Schematics Acquired . | . . Parts Built . | . . Authchips . | . . Time . | . . Total Part Build Rating . | . . Parts Repaired . | . . Time . | . . Parts Recycled . | . . Recycled Matter . | . . Retrieved Matter . | . . Retrieved Components . | . . Parts Scanalyzed . | . . Part Schematics Acquired . | . . Parts Damaged . | . . Bothacking | -11 -10 ------------ Run | Scr Mat Used RIF Installer . | . . Robots Hacked . | . . Non-combat . | . . Combat . | . . Robot Hacks Applied . | . . Relay Couplers Released . | . . Fabnet Peak Effective % . | . . Robots Rewired . | . . Allies Hacked . | . . Hacks Repelled . | . . Allies | -11 -10 -------- Run | Scr Mat Total Allies . | . . Largest Group . | . . Highest-Rated Group . | . . Highest-Rated Ally . | . . Total Orders . | . . Ally Attacks . | . . Total Damage . | . . Kills . | . . Allies Corrupted . | . . Allies Melted . | . . Intel | -11 -10 ------- Run | Scr Mat Robot Analysis Total . | . . Derelict Logs Recovered . | . . Drone Launches . | . . Drone Recoveries . | . . Exploration | -11 -10 ------------- Run | Scr Mat Turns Passed 820 | 177 643 Spaces Moved 494 | 91 403 Core 67 | 67 . Treads 41 | . 41 Legs 162 | 24 138 Wheels 224 | . 224 Hover . | . . Flight . | . . Fastest Speed 50 | 50 80 Average Speed 114 | 165 103 Slowest Speed 200 | 200 190 Overloaded Moves . | . . Propulsion Burnouts . | . . Robots Hopped . | . . Cave-ins Triggered . | . . Exploration Rate (%) 37 | 7 68 Regions Visited 1 Branch Regions . Pre-discovered Areas . | . . Known Exits Taken . | . . Unknown Exits Taken 1 | 1 . Scrap Searched . | . . Spaces Dug . | . . Terrain Destroyed 1 | . 1 Melee . | . . Projectile . | . . AOE 1 | . 1 Terrain Rammed . | . . Walls Destroyed . | . . Machines Disabled . | . . Actions | -11 -10 --------- Run | Scr Mat Total 670 | 107 563 Wait 57 | . 57 Move 493 | 90 403 Hop . | . . Pick Up 26 | 6 20 Fast Attach 12 | 7 5 Attach 11 | . 11 Detach 1 | . 1 Swap 1 | . 1 Drop 13 | . 13 Fire 54 | 4 50 Melee . | . . Ram 1 | . 1 Kick 1 | . 1 Crush . | . . Escape Stasis . | . . Rewire . | . . Trap . | . . Miscellaneous . | . . Route ------- -11/Scrapyard -10/Materials (discovered 1 exit: [*Mat]) History --------- Turn | Location | Event 20 | -11/Scrapyard | Discovered new exit (range 16) 178 | -11/Scrapyard | Entered Materials 321 | -10/Materials | Build established: Mutant 334 | -10/Materials | Core integrity fell below 50% 378 | -10/Materials | Lost 3 parts (1p1n1w) 715 | -10/Materials | Core integrity fell below 20% 800 | -10/Materials | Discovered new exit (range 16) 821 | -10/Materials | Destroyed by G-34 Mercenary with Small Laser Last Messages --------------- 00753_ O-16 Technician: "IFF HANDSHAKE FAILED. SECURING TERMINAL." 00754_ R-06 Scavenger collects Signal Interpreter. 00757_ ALERT: Hostiles spotted, dispatching reinforcements to Terminal M005. 00759_ R-06 Scavenger collects Ion Engine. 00762_ R-06 Scavenger collects Aluminum Leg. 00766_ R-06 Scavenger collects Tractor Beam. 00780_ W-16 Scout suffers critical hit (Burn). 00783_ Visual Processing Unit melted. 00783_ W-16 Scout destroyed. 00783_ Switching to secondary target: G-34 Mercenary. 00785_ K-01 Serf collects debris. 00785_ Acquired 8 matter. 00791_ K-01 Serf collects debris. 00800_ EXIT=FOUND 00809_ Dropped Com. Wheel. 00810_ Acquired Flail. 00812_ Acquired Autogun. 00814_ Dropped Signal Interpreter. 00815_ Acquired Flail. Map ----- +----------------------------------------------------+ | | | | | | | | | | | | | | | | | | | | | | | | | | | ?????????????????????????????????????????????????? | | ????????????????????????????????????#?????#??????? | | ?????????????????????????????????????????????????? | | ?????????????????????????????????????????????????? | | ???????????????????????????????????????????####### | | ????????????????????????????????????#??????#[[!!** | | ??????????????????????#####????????????????# ! ! | | ??????????????????????# #????????????????#= ** | | ??????????????????????# < #????????????????### | | ??????????????????????# #??????????????????# | | ??????????????????????# +???????"???######## | | ????????????????????### #???????????# ## ## | | ????????????????????+ @#???????????# ## # | | ????????????????????### #####???????# ## + | | ??????????????????????#u ==#???????# # | | ??????????????????????# ==#???#???# #! | | ????????????????# ]]] # //#??####### ### # | | ????????????????# ]]] + =! #??# # #?# # | | ????????????????# # [#??# """ # #?# ## | | ??????????????????????# [[#??# "Y" + #?# #? | | ??????????????????????# #####??# # #?# ## | | ??????????????????????# #??????# # #?# # | | ??????????????????????# g #??????# # #?# # | | ??????????????????????# #??????# # #?# # | | ??????????????????????# ############## #?# # | | ??????????????????????# # T # #?# + | | ??????????????????????# # + #?## # | | ??????????????????????# # = # #??# # | | ?????????? ########+### # # #??# # | | ?????????? # # #??# ## | | ?????????? # """ # ####+## | | ?????????? # """ # # | | ????????????# # """ # # """ | | ????????????# # # + """ | | ??????????### =%! ####### # """ | | ??????????+ ################ # | | ???????????## #?# ## ####### | +----------------------------------------------------+ Best States ------------- Heat Dissipation 25 Coolant Potential 50 Energy Generation 14 Energy Capacity 280 Matter Stores 300 Matter Capacity 300 Sight Range 16 Terrain Scan Range 16 Terrain Scan Density 10 Evasion (%) 55 Recoil Reduction 2 Item Schematics ----------------- None Robot Schematics ------------------ None Fabricated ------------ Nothing Alien Tech Used ----------------- None Achievements -------------- None Challenges ------------ None Game ------ Seed LauncherImprinterLoader Manual? 0 Play Time 00:15:50 Cumulative 12.2 hours Start 2022.03.18 @ 17:29:11 End 2022.03.19 @ 11:51:07 Sessions 3 Manual Loads 0 Difficulty Rogue Special Mode None Game No. 35 Rogue 35 Adventurer 0 Explorer 0 Win Type - Total 0 Types 0/0/0/0/0/0/0/0/0 Lore% 16 Gallery% 22 Achievement% 19 Wizard Run 0 Options --------- ASCII 0 Keyboard 1 Movement Numpad Keybinds 0 Fullscreen 2 Font 16/Cog Map View 76x50 Tactical HUD 1 Map Filters NONE Filters NONE Steam 1 RUN: 132c2da4-9742-47df-8c93-d2addda53f1d